 Dungeon Crawl Stone Soup version 0.24.1-14-gf8d2b509d9 (webtiles) character file.

Game seed: 17238118511644120779, levelgen mode: deterministic

261 filthincarnate the Insei (level 6, -9/41 HPs)
             Began as an Octopode Transmuter on Mar 30, 2021.
             Mangled by a mummy (16 damage)
             ... in an ossuary.
             The game lasted 00:09:44 (3489 turns).

filthincarnate the Insei (Octopode Transmuter)      Turns: 3489, Time: 00:09:44

Health: -9/41      AC:  2    Str:  7    XL:     6   Next: 18%
Magic:  2/9        EV: 22    Int: 15    God:
Gold:   177        SH:  0    Dex: 25    Spells: 3/9 levels left

rFire    . . .     SeeInvis .     - Unarmed
rCold    . . .     Gourm    +   (shield currently unavailable)
rNeg     + . .     Faith    .   (helmet currently unavailable)
rPois    x         Spirit   .   d - amulet of the gourmand
rElec    .         Reflect  .   j - -3 ring of strength (curse)
rCorr    .         Harm     .   h - ring of positive energy
MR       .....                  q - +6 ring of dexterity
Stlth    +++.......             (no ring)
HPRegen  0.13/turn              (no ring)
MPRegen  0.11/turn              (no ring)
                                (no ring)
                                (no ring)

@: spider-form, very slightly contaminated
A: tiny, almost no armour, stealthy swim, (amphibious), 8 rings, (constrict 8)
a: End Transformation


You were in an ossuary.
You were not hungry.
You were a venomous arachnid creature.
You visited 1 branch of the dungeon, and saw 6 of its levels.
You also visited: Ossuary.

You collected 177 gold pieces.

Inventory:

Missiles
 a - 16 arrows
Jewellery
 d - an amulet of the gourmand (around neck)
 g - an uncursed amulet of magic regeneration
 h - a ring of positive energy (right front leg)
 j - a cursed -3 ring of strength (left front leg)
 o - an uncursed ring of ice
 q - a +6 ring of dexterity (on tentacle)
Scrolls
 l - 2 scrolls of teleportation
 p - a scroll of fog
Potions
 b - a potion of heal wounds
 e - 2 potions of curing
 f - a potion of agility
 i - a potion of might {unknown}
 k - a potion of flight {unknown}
 m - a potion of invisibility {unknown}
 r - a potion of magic {unknown}
Comestibles
 c - 7 rations


   Skills:
 + Level 2.6 Fighting
 + Level 3.1 Dodging
 - Level 2.1 Stealth
 * Level 4.7 Unarmed Combat
 - Level 2.0 Spellcasting
 + Level 3.1 Transmutations


You had 3 spell levels left.
You knew the following spells:

 Your Spells              Type           Power        Failure   Level  Hunger
a - Beastly Appendage     Tmut           ##....       17%         1    #......
b - Sticks to Snakes      Tmut           ##......     24%         2    ###....
c - Spider Form           Tmut/Pois      #.........   56%         3    ###....

Your spell library contained the following spells:

 Spells                   Type           Power        Failure   Level  Hunger
 Ice Form                 Ice/Tmut       #.......     89%         4    #####..
 Blade Hands              Tmut           ##........   95%         5    ######.


Dungeon Overview and Level Annotations

Branches:
Dungeon (6/15)            Ossuary (1/1)
 Temple: D:4-7

Altars:
Gozag
Nemelex Xobeh
Xom
Zin


Innate Abilities, Weirdness & Mutations

You cannot wear most types of armour.
You are very stealthy in the water. (Stealth+)
((You are amphibious.))
You can wear up to eight rings at the same time.
((You can use your tentacles to constrict eight enemies at once.))
((Your skin changes colour to match your surroundings (Stealth+).))
((Your rubbery body absorbs attacks. (AC +1, EV +1)))


Message History

You turn into a venomous arachnid creature.
You lose your grip on the mummy.
The mummy misses you. The mummy closely misses you.
The mummy closely misses you.
You see here an amethyst potion.
The mummy hits you!
You see here a scroll of random uselessness.
The mummy barely misses you.
You see here an amethyst potion.
Casting: Spider Form (quite dangerous; 56% risk of failure)
Confirm with . or Enter, or press ? or * to list all spells.
You miscast Sticks to Snakes.
You are very lightly contaminated with residual magic.
The air around you crackles with energy!
Casting: Sticks to Snakes (safe; 24% risk of failure)
Confirm with . or Enter, or press ? or * to list all spells.
You create a snake!
You now have 16 arrows.
The mummy hits you!
* * * LOW HITPOINT WARNING * * *
The mummy hits you!
You die...

##
###.###
##?.!M?##
#!?..MsS#
####^####
#. #+


You could see 2 mummies and a friendly adder.

Vanquished Creatures
  An orc wizard (D:2)
  Jessica (D:3)
  A worker ant (D:4)
  A mummy (D:4)
  7 gnolls (D:2)
  A worm (D:2)
  3 dart slugs
  2 leopard geckos
  7 orcs
  5 bats
  4 giant cockroaches
  4 goblins
  2 hobgoblins (D:2)
  6 jackals
  11 kobolds
  A ball python (D:3)
  4 frilled lizards
  A kobold zombie (D:4)
  7 rats
69 creatures vanquished.

Vanquished Creatures (collateral kills)
  A bullfrog skeleton (D:4)
1 creature vanquished.

Grand Total: 70 creatures vanquished

Notes
Turn   | Place    | Note
-------+----------+-------------------------------------------
     0 | D:1      | filthincarnate the Octopode Transmuter began the quest for
                  | the Orb.
     0 | D:1      | Reached XP level 1. HP: 13/13 MP: 3/3
    17 | D:1      | Reached XP level 2. HP: 13/18 MP: 3/5
    34 | D:1      | Learned a level 2 spell: Sticks to Snakes
   366 | D:1      | Reached skill level 1 in Stealth
   703 | D:2      | Reached XP level 3. HP: 23/23 MP: 4/6
   727 | D:2      | Learned a level 3 spell: Spider Form
   914 | D:2      | Reached XP level 4. HP: 12/29 MP: 5/7
  1426 | D:2      | Reached skill level 4 in Unarmed Combat
  1914 | D:2      | Reached XP level 5. HP: 25/34 MP: 6/8
  2143 | D:3      | Found a shimmering altar of Xom.
  2143 | D:3      | Noticed an angel
  2146 | D:3      | Found a glowing silver altar of Zin.
  2810 | D:3      | Found an opulent altar of Gozag.
  2856 | D:3      | Found a sparkling altar of Nemelex Xobeh.
  2856 | D:3      | Noticed Jessica
  2922 | D:3      | Killed Jessica
  3008 | D:3      | You fall into a shaft and drop 3 floors!
  3082 | D:5      | Entered Level 5 of the Dungeon
  3239 | D:4      | Reached XP level 6. HP: 24/41 MP: 5/9
  3329 | D:4      | Found a sand-covered staircase.
  3350 | Ossuary  | Entered an ossuary
  3489 | Ossuary  | Mangled by a mummy

Levels and vault maps discovered:
D:1:      psy_arrival_terrarium, layout_basic, minmay_misc_feat_encased,
          chequers_serial_rivers_micro_a, dk_noncrumbling_2
D:2:      layout_loops_ring, minmay_goblin_kobold_house
D:3:      layout_rooms, grunt_temple_overflow_order_and_chaos_1,
          grunt_gozag_statues, first_ration, minmay_misc_feat_more_columns,
          kennysheep_flooded_box, nemelex_lonely_heart_becter
D:4:      layout_basic, serial_shops, nicolae_shop_crystal,
          nicolae_ossuary_entry_giza, ebering_ghost_gozag
D:5:      layout_gridville, grunt_temple_overflow_open,
          minmay_temple_entry_glassed_door, serial_shops, nicolae_shop_trees
D:6:      minmay_evil_eye, layout_basic, nicolae_overflow_quartered_altars,
          uniq_sigmund
Ossuary:  ossuary_crypta

Skill      XL: |  1  2  3  4  5 |
---------------+----------------+-----
Stealth        | 1 2 |  2.1
Unarmed Combat | 4 |  4.7
Fighting       | 2 |  2.6
Dodging        | 3 |  3.1
Transmutations | 3 |  3.1
Spellcasting   | |  2.0

Action                   |  1- 3 |  4- 6 || total
-------------------------+-------+-------++-------
Melee: Unarmed           |    52 |   109 ||   161
       Constrict         |    16 |    23 ||    39
       Tentacles         |    11 |    14 ||    25
       Kick              |     5 |       ||     5
       Punch             |     3 |     4 ||     7
 Cast: Beastly Appendage |     3 |       ||     3
       Spider Form       |     2 |    11 ||    13
       Sticks to Snakes  |       |     3 ||     3
  Use: Scroll            |     4 |     5 ||     9
       Potion            |       |     1 ||     1
 Stab: Sleeping          |     3 |    12 ||    15
  Eat: Chunk             |     4 |    12 ||    16
Armor: Skin              |     5 |     6 ||    11
Dodge: Dodged            |    33 |    86 ||   119
